[Event "MPL 19th IND-ch Teams Women 2022"]
[Site "Jalgaon"]
[Date "2022.04.13"]
[Round "6.3"]
[White "Falak Joni Naik"]
[Black "Priyanka Nutakki"]
[Result "0-1"]
[ECO "D04"]
[WhiteElo "1329"]
[BlackElo "2301"]
[Annotator "TA"]
[PlyCount "82"]
[EventDate "2022.04.10"]
[EventType "team-tourn"]
[EventCountry "IND"]
[SourceTitle "playchess.com"]
[Source "ChessBase"]
[SourceQuality "1"]
[TimeControl "5400+30"]

1. d4 d5 2. Nf3 Nf6 3. e3 c5 4. b3 Nc6 5. Bd3 Bg4 {[%emt 0:01:00] Black wants to play ...cxd4.} 6. Bb2 {[%emt 0:00:43] D04: Colle System.} e6 $1 {[%emt 0:00:25] The main line 6...e6 scores better than 6...cxd4.} 7. O-O cxd4 8. exd4 {[%emt 0:00:08] The position is equal.} Bd6 9. Re1 O-O 10. Nbd2 {[%emt 0:00:36] [#]} Nb4 $1 11. Nf1 Rc8 12. c3 $1 Nxd3 13. Qxd3 Bf5 {[%emt 0:04:27] [#]} (13... Ne4 {seems wilder.} 14. N3d2 Bf5 15. Nxe4 Bxe4 16. Rxe4 dxe4 17. Qxe4 b5) 14. Qe2 $146 ({Predecessor:} 14. Qb5 Qc7 15. Ne5 a6 16. Qe2 Ne4 17. Rac1 Bxe5 18. dxe5 Qa5 19. a3 Qb6 20. b4 {0-1 (57) Czerniak,M-Graf Stevenson,S La Plata 1944}) 14... h6 (14... Ne4 {keeps more tension.} 15. c4 Bg4 16. Qd3 Qf6) 15. N1d2 Qe7 16. c4 dxc4 17. bxc4 Ba3 18. Bxa3 Qxa3 19. Nb3 a5 20. Ne5 Rfd8 21. c5 $2 ({White should try} 21. Qe3 $15) 21... a4 $19 22. Na5 Qb4 ({Inferior is} 22... Rxd4 23. Nxb7 Ne4 24. c6 $17) 23. Nac4 Rxd4 24. Nd6 Rf8 ({But not} 24... Qxc5 25. Nxc8 Re4 26. Qd2 Rxe5 27. Rec1 $11) (24... Rxc5 $19 {and Black stays clearly on top.} 25. Nxf5 Re4) 25. Nxf5 (25. Rec1 $17 {was necessary.}) 25... exf5 26. Qf3 Qxc5 {[%emt 0:01:15] White must now prevent ...Re8.} 27. Qxb7 $2 (27. Qxf5 {is tougher.} Re8 28. Rac1) 27... Rd2 28. Qf3 Ne4 29. Nd3 {[%emt 0:00:27] [#]} Rxd3 30. Qxd3 Qxf2+ 31. Kh1 {[%emt 0:00:02] [#]} Qxe1+ $1 {[%emt 0:00:09][%mdl 512] Black is clearly winning.} 32. Rxe1 Nf2+ 33. Kg1 Nxd3 {[%emt 0:00:04][%mdl 4096] Endgame KRN-KR} 34. Rd1 Ne5 35. Rd4 Ra8 {[%emt 0:00:08] Threatens to win with ...a3.} 36. Kf2 a3 37. Kg3 g5 38. Rd5 f6 39. h3 Rc8 40. Rd2 f4+ 41. Kf2 Rb8 {[%emt 0:00:03] Weighted Error Value: White=0.78/Black=0.10 (very precise)} 0-1

[Event "MPL 19th IND-ch Teams Women 2022"]
[Site "Jalgaon"]
[Date "2022.04.13"]
[Round "6.4"]
[White "Priyanka, Kumari"]
[Black "Shah Garvi"]
[Result "1-0"]
[ECO "B70"]
[WhiteElo "1910"]
[BlackElo "1084"]
[Annotator "RC"]
[PlyCount "41"]
[EventDate "2022.04.10"]
[EventType "team-tourn"]
[EventCountry "IND"]
[SourceTitle "playchess.com"]
[Source "ChessBase"]
[SourceQuality "1"]
[TimeControl "5400+30"]

1. e4 c5 2. Nf3 d6 3. d4 cxd4 4. Nxd4 Nf6 5. Nc3 g6 6. Bg5 Bg7 7. Bb5+ Bd7 8. Qe2 Nc6 9. O-O-O Nxd4 10. Rxd4 Qa5 11. Bxf6 Bxf6 12. Bxd7+ Kxd7 13. Rd5 Qb6 14. e5 Bg5+ 15. Kb1 Bh6 16. exd6 e6 17. Rb5 Qc6 18. Ne4 b6 19. Rd1 Bg7 20. Qf3 f5 21. Nc5+ 1-0

[Event "MPL 19th IND-ch Teams Women 2022"]
[Site "Jalgaon"]
[Date "2022.04.13"]
[Round "6.5"]
[White "Niharika Ch"]
[Black "Soumya, Swaminathan"]
[Result "1/2-1/2"]
[ECO "B32"]
[WhiteElo "1992"]
[BlackElo "2360"]
[Annotator "TA"]
[PlyCount "46"]
[EventDate "2022.04.10"]
[EventType "team-tourn"]
[EventCountry "IND"]
[SourceTitle "playchess.com"]
[Source "ChessBase"]
[SourceQuality "1"]
[TimeControl "5400+30"]

1. e4 c5 2. Nf3 Nc6 3. d4 cxd4 4. Nxd4 Qb6 5. Nb3 Nf6 6. Nc3 e6 7. Be3 Qc7 8. a3 a6 9. f4 d6 10. Be2 b5 11. O-O Be7 12. Kh1 Bb7 13. Bf3 O-O 14. Qe1 {B33: Sicilian: Pelikan and Sveshnikov Variations.} Rfe8 15. Qf2 Rac8 16. Rfd1 {[#]} b4 $146 ({Predecessor:} 16... Bf8 17. Rac1 Qb8 18. g3 Ba8 19. Bb6 Nd7 20. Be3 Red8 21. Rd2 a5 22. a4 bxa4 23. Nxa4 {0-1 (63) Mohith,R (1671)-Ghelani,D (1809) Mumbai 2017}) 17. axb4 Nxb4 18. Na5 Ba8 {The position is equal.} (18... d5 $5 19. Bb6 (19. Nxb7 Qxb7 20. e5 Ne4 $11) 19... Qb8 $14) 19. Bb6 Qb8 20. Ba7 Qc7 21. Bb6 Qb8 22. Ba7 Qc7 23. Bb6 Qb8 {A rather calm draw.  Weighted Error Value: White=0.09 (flawless) /Black=0.07 (flawless)} 1/2-1/2

[Event "MPL 19th IND-ch Teams Women 2022"]
[Site "Jalgaon"]
[Date "2022.04.13"]
[Round "6.6"]
[White "Gomes, Mary Ann"]
[Black "Toshali, V."]
[Result "1-0"]
[ECO "A06"]
[WhiteElo "2361"]
[BlackElo "2126"]
[Annotator "TA"]
[PlyCount "89"]
[EventDate "2022.04.10"]
[EventType "team-tourn"]
[EventCountry "IND"]
[SourceTitle "playchess.com"]
[Source "ChessBase"]
[SourceQuality "1"]
[TimeControl "5400+30"]

1. Nf3 d5 2. g3 Bg4 3. Bg2 Nd7 4. c4 c6 5. d3 e6 6. O-O Ngf6 7. b3 a5 8. a3 Bc5 9. Bb2 Qe7 10. Nbd2 O-O 11. e4 {[%emt 0:04:07] A12: English Opening: 1...c6 with b3 by White.} dxe4 12. dxe4 e5 13. Qc2 {[%emt 0:00:07] Black is slightly better.} Rfd8 14. h3 Bh5 15. Nh4 {[%emt 0:01:58] [#]} Ne8 $146 ({Predecessor:} 15... Nf8 16. Nf5 Qc7 17. g4 Bg6 18. Nf3 N6d7 19. Qc3 Ne6 20. b4 Bxf5 21. exf5 Nd4 {½-½ (32) Korpa,B (2461)-Loetscher,R (2435) Prague 2016}) 16. Nf5 Qf8 17. g4 Bg6 18. Nf3 f6 $1 19. Rfd1 Nc7 20. g5 Ne6 21. gxf6 gxf6 22. Bc1 Nd4 (22... Kh8 $15) 23. N5xd4 exd4 24. Nxd4 {[%emt 0:00:21] Ne6 is the strong threat.} Bxd4 (24... Bh5 $11 25. Rd3 Bxd4 26. Rxd4 Ne5 27. Rxd8 Rxd8) 25. Rxd4 $16 Nc5 26. Be3 Qe7 27. Re1 Rxd4 28. Bxd4 Ne6 29. Be3 Qxa3 30. f4 $1 {[%emt 0:00:05][%cal Bf2f4,Bf4f5][%mdl 32] Threatens to win with f5.} Ng7 (30... Qb4 $16 {was worth a try.} 31. Rb1 Ng7) 31. f5 $18 Bh5 32. Bd4 Kf7 (32... Rf8 {might work better.} 33. Qc3 Qd6) 33. e5 $2 (33. Qf2 $18) 33... fxe5 $16 34. Rxe5 Re8 $1 {[%emt 0:00:33] Hoping for ...Rxe5.} 35. Rxe8 (35. Qe4 $16 {Strongly threatening Rxe8.} Qd6 36. c5) 35... Nxe8 $11 36. c5 Qb4 37. Qd3 Qe1+ 38. Kh2 Qe2 39. Qg3 Qc2 (39... Kf8 $11) 40. Qh4 $1 $14 ({Weaker is} 40. Qg5 Bf3 $17) 40... Bf3 41. Qxh7+ Kf8 42. Qh6+ Kf7 {[%emt 0:00:11][%csl Gf3][%cal Rc2g2] [#]} 43. Qg6+ Kf8 {[%emt 0:00:19] [#]} 44. Be3 $1 {[%emt 0:01:01] Threatening mate with Bh6+. Chess con chili. &Bianco is more active.} Bxg2 $4 (44... Qe2 $16) 45. Bh6+ {[%emt 0:00:08] Weighted Error Value: White=0.15 (very precise) /Black=0.29 (precise)} 1-0

[Event "MPL 19th IND-ch Teams Women 2022"]
[Site "Jalgaon"]
[Date "2022.04.13"]
[Round "6.7"]
[White "Kotepalli, Sai Nirupama"]
[Black "Karavade, Eesha"]
[Result "0-1"]
[ECO "B50"]
[WhiteElo "1914"]
[BlackElo "2345"]
[Annotator "TA"]
[PlyCount "87"]
[EventDate "2022.04.10"]
[EventType "team-tourn"]
[EventCountry "IND"]
[SourceTitle "playchess.com"]
[Source "ChessBase"]
[SourceQuality "1"]
[TimeControl "5400+30"]

1. e4 c5 2. Nf3 d6 3. d3 Nc6 4. g3 g6 5. Bg2 Bg7 6. O-O Nf6 7. Nbd2 {[%emt 0:02:00] 7.Re1 is becoming the main line.} O-O 8. Qe2 {[%emt 0:03:30] A05: Réti Opening: 1 Nf3 Nf6.} e5 9. c3 Re8 {[%emt 0:03:56] [#]} 10. a3 $146 {[%emt 0:00:09] The position is equal.} ({Predecessor:} 10. h4 h6 11. Re1 Bg4 12. Nf1 Qd7 13. Kh2 b5 14. Ne3 Be6 15. Nd2 Rab8 16. f4 {½-½ (23) Mikuta,A (2012)-Schmitt,G (1958) Bayern 2019}) 10... d5 11. exd5 Nxd5 12. Nc4 h6 13. h4 Bg4 14. Qc2 Qd7 15. Ne3 Nxe3 {[%emt 0:06:23] 0x0.0023821a1276dp-1022s more active pieces. The white rooks are badly placed.} 16. Bxe3 Bf5 {[%emt 0:00:10][%cal Oc5c4] With the idea ...c4!} 17. Qd2 Qxd3 18. Bxh6 Qxd2 19. Bxd2 Na5 {[%emt 0:00:17] Threatening ...Nb3.} (19... e4 $5 20. Ng5 Ne5 $15) 20. Be3 Bd3 21. Rfe1 Nb3 22. Rad1 e4 23. Nd2 (23. Ng5 $1 $14) 23... Nxd2 $11 24. Rxd2 c4 25. f4 f5 26. Bh3 Kf7 27. Kf2 (27. h5 $11) 27... Bf6 (27... Rh8 $17) 28. Rh1 (28. h5 $1 $11 {keeps the balance.}) 28... Rh8 29. Rh2 (29. Kg1 $17) 29... b5 $19 30. Rh1 a5 31. Bc5 {[%emt 0:00:41] Against b4. Loses the game.} (31. Bf1 $17) 31... Rhc8 32. Be3 b4 33. axb4 axb4 34. Rc1 bxc3 35. bxc3 Rcb8 36. Bd4 $2 (36. g4) 36... Bxd4+ {[%emt 0:01:04] Black is clearly winning.} 37. cxd4 Ra3 {[%emt 0:01:04] [#] aiming for ...c3.} 38. h5 c3 39. Rdd1 Rb2+ 40. Kg1 c2 41. Re1 Rb1 42. hxg6+ Kxg6 {[%emt 0:00:09] [#] ( -> ...Raa1)} 43. Kf2 Raa1 44. Ke3 {Weighted Error Value: White=0.82/Black=0.07 (flawless)} 0-1

[Event "MPL 19th IND-ch Teams Women 2022"]
[Site "Jalgaon"]
[Date "2022.04.13"]
[Round "6.8"]
[White "Mohota, Nisha"]
[Black "Bommini Mounika Akshaya"]
[Result "1-0"]
[ECO "A43"]
[WhiteElo "2147"]
[BlackElo "2145"]
[Annotator "TA"]
[PlyCount "85"]
[EventDate "2022.04.10"]
[EventType "team-tourn"]
[EventCountry "IND"]
[SourceTitle "playchess.com"]
[Source "ChessBase"]
[SourceQuality "1"]
[TimeControl "5400+30"]

1. d4 Nf6 2. c4 c5 3. d5 d6 4. Nc3 g6 5. e4 Bg7 6. Nf3 O-O 7. Be2 e6 8. O-O exd5 9. exd5 {[%emt 0:00:03] now supersedes 9.cxd5.} Bg4 10. Bf4 Nh5 {[%emt 0:05:22] E91: King's Indian: Classical: 6 Be2, unusual replies including 6...c5 and 6...Bg4.} 11. Bg5 f6 {[%emt 0:02:08] [#]} (11... Bf6 $14) 12. Bd2 $146 ({Predecessor:} 12. Be3 f5 13. Ng5 Bxe2 14. Nxe2 f4 15. Ne6 Qe7 16. N2xf4 Nxf4 17. Bxf4 Rxf4 18. Nxf4 Bxb2 {0-1 (47) Campos,O (1713)-Yano,W (2076) Goiania 2016}) 12... Bh8 {[%emt 0:17:50] White is better.} 13. h3 Bxf3 14. Bxf3 (14. gxf3 f5 15. f4 Bxc3 16. bxc3 Qh4 $11) 14... Ng7 15. Bf4 f5 {[%emt 0:06:11] [#]} 16. Nb5 $1 Ne8 17. Qe2 $36 {[%emt 0:03:36][%mdl 2048] White is on the roll.} Rf6 18. Bg5 a6 19. Bxf6 {[%emt 0:05:57] &Bianco is much more active.} Bxf6 20. Nc3 Nc7 21. g4 fxg4 (21... Be5 $16 22. gxf5 gxf5) 22. Bxg4 $18 Nd7 23. Ne4 Be7 (23... Bd4 $142 24. Nxd6 Ne5) 24. f4 Nf6 25. Ng3 Qf8 26. Be6+ Kh8 27. Rae1 Re8 28. Qg2 Qg7 29. b3 b5 30. Re2 Rb8 31. Qf3 b4 (31... Rf8 {was called for.} 32. Qc3 Bd8) 32. Rfe1 Rf8 33. Kh2 Bd8 34. Rg2 {[%emt 0:09:08][%cal Og3f5] Hoping for Nf5!} Qh6 35. Rf1 Nce8 36. a3 a5 (36... Ng7 $16 37. axb4 cxb4) 37. axb4 cxb4 38. Ne4 Nh5 $2 {[%emt 0:03:16] Loses the game.} (38... Nxe4 $16 39. Qxe4 Bf6) 39. f5 gxf5 $2 {[%emt 0:11:41] [#]} (39... Neg7 40. Qg4 (40. Nxd6 Bc7 $16) 40... Qe3) 40. Qxf5 $1 Nef6 (40... Bf6 41. Kh1) 41. Rfg1 {[%emt 0:09:51] White threatens Nxf6 and mate.} Qf4+ 42. Qxf4 Nxf4 43. Nxf6 {[%emt 0:00:27] Weighted Error Value: White=0.32/Black=0.33} ({Not} 43. Nxd6 Nxg2 44. Kxg2 Bb6 $18) 1-0